Kradschützen Motorcycle Team
Construct Light Support Kompanie
Selects Battlefield Espionage Battlegroup
Selects 250/3 Funkpanzerwagen
Selects Anti-Tank Incendiary Munitions
Pak 38 Anti-tank Gun Team
Selects Intel Disruption Beacon
Construct Panzerarmee Kommand
Construct Mechanized Kompanie
Marder III Tank Destroyer
Marder III Tank Destroyer
Walking Stuka Rocket Launcher
Marder III Tank Destroyer
Marder III Tank Destroyer